 Dungeon Crawl Stone Soup version 0.23.2-33-g5129a83184 (webtiles) character file.

Game seed: 1148041034482828912

1207 Atelerd the Conjurer (level 8, -11/46 HPs)
             Began as an Octopode Wizard on July 12, 2019.
             Mangled by an ogre
             ... wielding a +0 giant club
              (35 damage)
             ... on level 5 of the Dungeon.
             The game lasted 00:10:42 (6967 turns).

Atelerd the Conjurer (Octopode Wizard)              Turns: 6967, Time: 00:10:43

Health: -11/46     AC:  1    Str:  6    XL:     8   Next: 45%
Magic:  3/16       EV: 13    Int: 23    God:
Gold:   193        SH:  0    Dex: 10    Spells: 6/18 levels left

rFire    . . .     SeeInvis .   y - +0 hand axe (flame)
rCold    . . .     Gourm    .   (no shield)
rNeg     . . .     Faith    .   a - +0 hat
rPois    .         Spirit   .   (no amulet)
rElec    .         Reflect  .   j - ring of flight
rCorr    .         Harm     .   (no ring)
MR       .....                  (no ring)
Stlth    +++.......             (no ring)
HPRegen  0.15/turn              (no ring)
MPRegen  0.15/turn              (no ring)
                                (no ring)
                                (no ring)

@: no status effects
A: almost no armour, stealthy swim, amphibious, 8 rings, constrict 8, camouflage
1, gelatinous body 1
a: Evoke Flight


You were on level 5 of the Dungeon.
You were not hungry.

You visited 1 branch of the dungeon, and saw 5 of its levels.
You also visited: Ossuary.

You collected 193 gold pieces.

Inventory:

Hand Weapons
 b - a +0 short sword
 g - a +2 short sword of holy wrath
 y - a +0 hand axe of flaming (weapon)
Armour
 a - a +0 hat (worn)
Jewellery
 j - a ring of flight (left tentacle)
 q - an uncursed amulet of harm
Wands
 w - a wand of iceblast (3)
Scrolls
 d - 2 scrolls of blinking
 e - 4 scrolls of remove curse
 f - 4 scrolls of fog
 n - a scroll of amnesia
 o - 2 scrolls of teleportation
 t - a scroll of identify
 u - 2 scrolls of magic mapping {unknown}
 x - a scroll of enchant armour {unknown}
Potions
 h - a potion of curing {unknown}
 i - a potion of mutation {unknown}
 k - 3 potions of brilliance {unknown}
 l - 2 potions of heal wounds {unknown}
 m - a potion of berserk rage {unknown}
 p - 3 potions of resistance {unknown}
 r - a potion of might {unknown}
 s - 3 potions of haste {unknown}
 v - a potion of flight {unknown}
 z - a potion of magic {unknown}
Comestibles
 c - 4 rations
 A - 2 chunks of flesh


   Skills:
 - Level 2.0 Dodging
 - Level 2.6 Stealth
 + Level 5.8 Spellcasting
 + Level 6.1 Conjurations
 + Level 4.2 Hexes
   Level 1.0 Summonings
 - Level 3.0 Translocations


You had 6 spell levels left.
You knew the following spells:

 Your Spells              Type           Power        Failure   Level  Hunger
a - Magic Dart            Conj           ####         1%          1    None
b - Mephitic Cloud        Conj/Pois/Air  ###.....     11%         3    #......
c - Blink                 Tloc           N/A          3%          2    None
d - Conjure Flame         Conj/Fire      ###.....     8%          3    #......
e - Confuse               Hex            ####....     4%          3    #......

Your spell library contained the following spells:

 Spells                   Type           Power        Failure   Level  Hunger
 Confusing Touch          Hex            ####..       1%          1    None
 Slow                     Hex            ####....     2%          2    None
 Gell's Gravitas          Tloc           ###.......   8%          3    #......
 Call Imp                 Summ           ##......     9%          2    None
 Petrify                  Tmut/Erth      #.......     65%         4    ###....
 Metabolic Englaciation   Hex/Ice        ###.......   69%         5    #####..
 Yara's Violent Unravell  Hex/Tmut       ###.......   69%         5    #####..


Dungeon Overview and Level Annotations

Branches:
Dungeon (5/15)
 Temple: D:4-7

Altars:
Kikubaaqudgha
Nemelex Xobeh
Okawaru
Ru

Annotations:
D:4 exclusion: 2 downstairs


Innate Abilities, Weirdness & Mutations

You cannot wear most types of armour.
You are very stealthy in the water. (Stealth+)
You are amphibious.
You can wear up to eight rings at the same time.
You can use your tentacles to constrict eight enemies at once.
Your skin changes colour to match your surroundings (Stealth+).
Your rubbery body absorbs attacks. (AC +1, EV +1)


Message History

A centaur comes into view.
The centaur shouts!
The centaur wields a +0 shortbow.
The centaur shoots an arrow.
The arrow closely misses you.
You see here an arrow.
The centaur shoots an arrow.
The arrow misses you.
The centaur shoots an arrow.
The arrow misses you.
The arrow hits the ogre!
Casting: Conjure Flame (safe; 8% risk of failure)
Confirm with . or Enter, or press ? or * to list all spells.
Aiming: Mephitic Cloud (safe; 11% risk of failure)
Press: ? - help, Shift-Dir - straight line, f - centaur
Aim: a centaur, wielding a +0 shortbow The ball explodes into a vile cloud!
The stinking cloud engulfs the centaur but does no damage.
The centaur is engulfed in noxious fumes.
The centaur appears confused.
The centaur laughs at nothing.
The ogre hits you with a +0 giant club!!
Ouch! That really hurt!
You die...

.........##....#........#
.
........................#
#........................
.......##..........##...#
..........☼c○.. .. ...[.
##^........☼☼.. .Y.....
#..........☼☼#####......
#.#..(..................
###..##OO@............#...
#....##(..............#...
#..####.........#.........
#...O...........#.....#...
###.##.#..........Y...#..)
#######..............Z..
##......#...........
#..[>...............
#............#.....o


You could see 2 ogres and a centaur (confused).

Vanquished Creatures
  Pikel (D:4)
  A centaur (D:4)
  2 water moccasin zombies (Ossuary)
  A howler monkey (D:4)
  A crimson imp (D:4)
  A jelly (D:4)
  4 orc priests
  2 bullfrog skeletons (D:5)
  2 worker ants (D:4)
  2 big kobold zombies (Ossuary)
  2 mummies (Ossuary)
  6 adders
  An adder skeleton (D:5)
  6 adder zombies
  2 worms
  A dart slug (D:2)
  3 leopard geckos
  10 orcs
  4 bats
  2 giant cockroaches
  5 goblins
  A hobgoblin (D:3)
  2 jackals (D:1)
  2 quokkas
  A ball python skeleton (D:4)
  4 frilled lizards
  3 gnoll zombies (Ossuary)
  6 hobgoblin zombies (Ossuary)
  7 kobolds
  5 kobold zombies (Ossuary)
  3 orc zombies (Ossuary)
  6 rats
99 creatures vanquished.

Vanquished Creatures (others)
  A slave (D:5)
  An orc (D:5)
2 creatures vanquished.

Grand Total: 101 creatures vanquished

Notes
Turn   | Place    | Note
-------+----------+-------------------------------------------
     0 | D:1      | Atelerd the Octopode Wizard began the quest for the Orb.
     0 | D:1      | Reached XP level 1. HP: 11/11 MP: 4/4
   463 | D:1      | Reached XP level 2. HP: 17/17 MP: 6/6
  1179 | D:1      | Reached skill level 2 in Conjurations
  1640 | D:2      | Reached XP level 3. HP: 15/21 MP: 4/7
  1671 | D:2      | Learned a level 3 spell: Mephitic Cloud
  1674 | D:2      | Learned a level 2 spell: Blink
  1880 | D:2      | Found a faded altar of an unknown god.
  1965 | D:2      | Found an iron altar of Okawaru.
  2227 | D:2      | Reached skill level 3 in Conjurations
  2479 | D:3      | Reached XP level 4. HP: 22/27 MP: 6/9
  2711 | D:3      | Reached XP level 5. HP: 31/31 MP: 6/10
  2810 | D:3      | Reached skill level 4 in Conjurations
  2979 | D:3      | Found a sparkling altar of Nemelex Xobeh.
  3140 | D:3      | Found an ancient bone altar of Kikubaaqudgha.
  3200 | D:3      | Found a sacrificial altar of Ru.
  3459 | D:4      | Learned a level 3 spell: Confuse
  3488 | D:4      | Found a sand-covered staircase.
  3493 | Ossuary  | Entered an ossuary
  4033 | Ossuary  | Reached skill level 1 in Hexes
  4033 | Ossuary  | Reached XP level 6. HP: 27/36 MP: 12/12
  4051 | Ossuary  | Learned a level 3 spell: Conjure Flame
  5352 | D:5      | Entered Level 5 of the Dungeon
  5741 | D:5      | Noticed a sky beast
  5752 | D:4      | Reached XP level 7. HP: 33/41 MP: 9/13
  5966 | D:4      | Reached skill level 5 in Conjurations
  6557 | D:5      | Noticed Pikel
  6582 | D:4      | Killed Pikel
  6582 | D:4      | Reached skill level 5 in Spellcasting
  6582 | D:4      | Reached XP level 8. HP: 17/46 MP: 9/16
  6790 | D:4      | Reached skill level 6 in Conjurations
  6967 | D:5      | Mangled by an ogre

Skill      XL: |  1  2  3  4  5  6  7  8 |
---------------+-------------------------+-----
Conjurations   | 2 3 4 5 6 |  6.1
Spellcasting   | 4 5 |  5.8
Hexes          | 1 2 4 |  4.2
Translocations | 2 3 |  3.0
Dodging        | |  2.0
Stealth        | |  2.6
Summonings     | |  1.0

Action                   |  1- 3 |  4- 6 |  7- 9 || total
-------------------------+-------+-------+-------++-------
Melee: Unarmed           |     8 |       |       ||     8
       Short sword       |    59 |   118 |    29 ||   206
       Constrict         |    17 |    27 |    12 ||    56
       Tentacles         |     4 |    17 |     9 ||    30
       Hand axe          |       |       |    21 ||    21
 Cast: Magic Dart        |    13 |    40 |    12 ||    65
       Mephitic Cloud    |     1 |     5 |     8 ||    14
       Blink             |       |     2 |     3 ||     5
       Conjure Flame     |       |     2 |     3 ||     5
 Abil: Evoke Flight      |     1 |       |       ||     1
Evoke: Wand              |       |     3 |     5 ||     8
  Use: Scroll            |       |     5 |       ||     5
 Stab: Sleeping          |    10 |     6 |       ||    16
       Confused          |     1 |     2 |     3 ||     6
  Eat: Chunk             |     4 |     4 |     5 ||    13
       Ration            |       |     2 |       ||     2
Armor: Skin              |     5 |     3 |     3 ||    11
Dodge: Dodged            |    39 |    68 |    52 ||   159
